 Dungeon Crawl Stone Soup version 0.30-a0-696-g2367cd04db (webtiles) character file.

Game seed: 18125281796746555890

243 omnomnOMINOUS the Magician (level 6, 0/43 HPs)
             Began as an Octopode Wanderer on Jan 20, 2023.
             Was a Follower of Cheibriados.
             Slain by a white imp (3 damage)
             ... while paralysed by Grinder
             ... on level 6 of the Dungeon.
             The game lasted 00:06:22 (3110 turns).

omnomnOMINOUS the Magician (Octopode Wanderer)      Turns: 3110, Time: 00:06:23

Health: 0/43       AC:  1    Str: 15    XL:     6   Next: 9%
Magic:  12/12      EV:  2    Int: 18    God:    Cheibriados [*.....]
Gold:   135        SH:  0    Dex: 15    Spells: 12/13 levels left

rFire   . . .      SeeInvis .    a - +3 quarterstaff
rCold   . . .      Faith    .    (shield currently unavailable)
rNeg    . . .      Spirit   .    (helmet restricted)
rPois   .          Reflect  .    (no amulet)
rElec   .          Harm     .    k - ring of willpower
rCorr   .          Rampage  .    (no ring)
Will    +....                    (no ring)
Stlth   ++                       (no ring)
HPRegen 0.27/turn                (no ring)
MPRegen 0.13/turn                (no ring)
                                 (no ring)
                                 (no ring)

@: paralysed, very slow
A: almost no armour, amphibious, 8 rings, camouflage 1, gelatinous body 1,
(nimble swimmer 1), tentacles
a: Renounce Religion, Bend Time


You were on level 6 of the Dungeon.
You worshipped Cheibriados.
Cheibriados was aware of your devotion.
You visited 1 branch of the dungeon, and saw 6 of its levels.

You collected 135 gold pieces.

Inventory:

Hand Weapons
 a - a +3 quarterstaff (weapon)
 b - a +0 dagger of venom
Missiles
 q - 4 poisoned darts
 z - a throwing net
Magical Staves
 u - a staff of cold
Jewellery
 k - a ring of willpower (left tentacle)
 x - a ring of flight
Scrolls
 c - a scroll of amnesia {unknown}
 g - a scroll of identify
 h - 2 scrolls of teleportation
 o - a scroll of blinking {unknown}
 r - a scroll of magic mapping {unknown}
 s - 2 scrolls of fear {unknown}
 t - a scroll of enchant armour {unknown}
 v - a scroll of noise {unknown}
 y - a scroll of enchant weapon {unknown}
Potions
 d - a potion of brilliance {unknown}
 e - a potion of magic {unknown}
 f - 2 potions of heal wounds
 i - 2 potions of invisibility {unknown}
 j - a potion of berserk rage {unknown}
 l - 2 potions of attraction {unknown}
 m - 2 potions of lignification {unknown}
 n - a potion of cancellation {unknown}
 p - a potion of curing {unknown}
 w - a potion of flight {unknown}


   Skills:
 + Level 3.6 Fighting
 - Level 4.0 Staves
 - Level 1.0 Throwing
 + Level 2.9 Dodging
 + Level 4.1 Spellcasting
 + Level 1.9 Invocations


You had 12 spell levels left.
You knew the following spells:

 Your Spells              Type           Power      Damage    Failure   Level
a - Summon Small Mammal   Summ           12%        N/A       14%         1

Your spell library contained the following spells:

 Spells                   Type           Power      Damage    Failure   Level
 Summon Guardian Golem    Hex/Summ       3%         N/A       41%         3


Dungeon Overview and Level Annotations

Branches:
Dungeon (7/15)
 Temple: D:4-7

Altars:
Ashenzari
Cheibriados
Trog
The Shining One

Annotations:
D:6 Grinder, Pikel


Innate Abilities, Weirdness & Mutations

You cannot wear most types of armour.
You are amphibious.
You can wear up to eight rings at the same time.
Your skin changes colour to match your surroundings (Stealth+).
Your rubbery body absorbs attacks. (AC +1, EV +1)
((You are camouflaged when in or above water. (Stealth+)))
You have tentacles for arms and can constrict up to eight enemies at once.


Message History

Grinder and a white imp come into view.
Grinder shouts!
The white imp shouts!
You hear a shout! x3
Grinder blinks!
A kobold comes into view. It is wielding a +0 club.
A lemure comes into view.
The white imp barely misses you. Grinder misses you.
Okay, then.
Unknown command.
A kobold comes into view. It is wielding a +0 dagger.
The kobold shouts!
Grinder hits you! Grinder attacks as you move away! Grinder hits you!
You writhe in agony.
A lemure and a kobold come into view.
Grinder blinks!
The white imp gestures at you. The puff of frost misses you.
Pikel, Merchant of Souls comes into view.
He is wielding a +0 whip of freezing.
Grinder gestures at you.
You suddenly lose the ability to move!
Something unseen opens the door.
The white imp gestures at you. The puff of frost hits you.
The kobold moves out of view.
Pikel shouts!
You hear a shout!
Grinder says, "What is the universe for?"
The kobold hits you with a +0 club.
A kobold comes into view. It is wielding a +0 short sword.
A kobold brigand comes into view.
It is wielding a +0 short sword and quivering poisoned darts.
A lemure comes into view.
You hear a shout!
The lemure shouts!
The kobold brigand shouts!
You hear a shout!
A scorpion comes into view.
The kobold hits you with a +0 club.
A lemure comes into view.
Grinder blinks!
The white imp hits you.
* * * LOW HITPOINT WARNING * * *
The white imp freezes you.
* * * LOW HITPOINT WARNING * * *
The kobold barely misses you. The white imp hits you.
* * * LOW HITPOINT WARNING * * *
The white imp freezes you.
You die...

.................
..................
................K55
#...................
#...................
#...........:.......
#..........5K5...K..
#..........ยง@....K..
#...........K....##'
#.............5..#
#..>.............#
#................#
#...^..............
#######.............
#.............
#..........


You could see Pikel, Grinder, a kobold brigand, 3 lemures, a white imp and 3
kobolds.

Vanquished Creatures
  An ice beast (D:7)
  5 gnolls
  5 adders
  2 worms
  2 dart slugs
  3 ball pythons
  2 endoplasms
  5 goblins
  5 hobgoblins
  4 jackals (D:1)
  6 kobolds
  2 quokkas
  2 bats (D:2)
  4 frilled lizards
  4 rats
52 creatures vanquished.

Vanquished Creatures (others)
  A plant (D:3)
1 creature vanquished.

Grand Total: 53 creatures vanquished

Notes
Turn   | Place    | Note
-------+----------+-------------------------------------------
     0 | D:1      | omnomnOMINOUS the Octopode Wanderer began the quest for the
                  | Orb.
     0 | D:1      | omnomnOMINOUS set off with the following items: a +3
                  | quarterstaff, a scroll of teleportation; and the following
                  | spell memorised: Summon Small Mammal; and the following
                  | spells available to memorise: Summon Guardian Golem.
     0 | D:1      | Reached XP level 1. HP: 14/14 MP: 4/4
    61 | D:1      | Reached XP level 2. HP: 10/19 MP: 6/6
   193 | D:1      | Reached skill level 1 in Dodging
   891 | D:2      | Reached XP level 3. HP: 14/25 MP: 7/7
   938 | D:2      | Found a bloodstained altar of Trog.
  1329 | D:2      | Reached XP level 4. HP: 30/30 MP: 9/9
  1751 | D:3      | Found a faded altar of an unknown god.
  1760 | D:3      | Prayed at the altar of an unknown god.
  1760 | D:3      | Became a worshipper of Cheibriados the Contemplative
  1760 | D:3      | Reached * piety under Cheibriados
  2235 | D:3      | Found a glowing golden altar of the Shining One.
  2284 | D:3      | Found a broken altar of Ashenzari.
  2370 | D:3      | Reached XP level 5. HP: 27/36 MP: 10/10
  2484 | D:3      | Reached skill level 1 in Invocations
  2840 | D:4      | You fall into a shaft and drop 3 floors!
  2896 | D:7      | Noticed a wyvern
  2931 | D:7      | Noticed an ice beast
  2938 | D:7      | Killed an ice beast
  2939 | D:7      | Reached XP level 6. HP: 7/43 MP: 10/12
  3103 | D:6      | Noticed Grinder
  3107 | D:6      | Noticed Pikel
  3107 | D:6      | Paralysed by Grinder for 5 turns
  3110 | D:6      | Slain by a white imp

Illustrated notes

Levels and vault maps discovered:
D:1:      dpeg_arrival_round_a, layout_basic
D:2:      layout_basic, basic_altar
D:3:      layout_loops_ring, lemuel_tele_altar, tso_oasis_becter,
          dreamdust_ecumenical_altar_sealed_demon, serial_rivers,
          chequers_serial_rivers_room_a, chequers_serial_rivers_micro_b,
          chequers_serial_rivers_marsh, chequers_serial_rivers_large_a,
          minmay_misc_feat_tiny
D:4:      minmay_recursive_quarters, layout_rooms, nicolae_ru_path_of_blood,
          minmay_temple_entry_glassed_door, serial_shops,
          nicolae_shop_bloodbath_and_beyond, uniq_eustachio, uniq_natasha
D:6:      layout_gridville, nzn_wu_jian_council_hall,
          hellmonk_ghost_happy_afterlife, minmay_misc_feat_iff, uniq_menkaure,
          uniq_grinder, uniq_pikel
D:7:      layout_loops_ring, serial_shops, shop, patterned_corridor,
          uniq_joseph, uniq_prince_ribbit1

Skill      XL: |  1  2  3  4  5 |
---------------+----------------+-----
Dodging        | 1 2 |  2.9
Fighting       | 3 |  3.6
Invocations    | 1 |  1.9
Spellcasting   | 4 |  4.1
Staves         | |  4.0
Throwing       | |  1.0

Action                   |  1- 3 |  4- 6 || total
-------------------------+-------+-------++-------
Melee: Quarterstaff      |    53 |    41 ||    94
       Constrict         |    11 |    12 ||    23
       Tentacles         |     3 |     9 ||    12
       Punch             |     1 |       ||     1
  Use: Scroll            |       |     1 ||     1
 Stab: Sleeping          |     4 |     6 ||    10
Armor: Skin              |     3 |     1 ||     4
Dodge: Dodged            |    32 |    26 ||    58

Table legend: (Time is in decaauts)
 A = Elapsed time spent in this place.
 B = Non-inter-level travel time spent in this place.
 C = Inter-level travel time spent in this place.
 D = Time resting spent in this place.
 E = Time spent auto-exploring this place.
 F = Levels seen in this place.
 G = Mean time per level.
                   A        B        C        D        E       F      G
               +--------+--------+--------+--------+--------+-----+--------+
         Total |   3525 |   3420 |    105 |    339 |   2560 |   6 |  587.5 |
       Dungeon |   3525 |   3420 |    105 |    339 |   2560 |   6 |  587.5 |
               +--------+--------+--------+--------+--------+-----+--------+

Top non-repeatable levels by time:
     D:3: 1402 daAuts
     D:2: 960 daAuts
     D:1: 791 daAuts
     D:7: 311 daAuts
     D:4: 44 daAuts
     D:6: 15 daAuts
